 Dungeon Crawl Stone Soup version 0.31.0-11-ge490571c62 (webtiles) character file.

Game seed: 6125649596382962454

4302 BeingJoeMalik the Arsonist (level 10, -4/50 HPs)
             Began as a Tengu Fire Elementalist on Jan 26, 2024.
             Was a Believer of Sif Muna.
             Slain by a hornet (13 damage)
             ... on level 8 of the Dungeon on Jan 28, 2024.
             The game lasted 00:34:32 (9504 turns).

BeingJoeMalik the Arsonist (TeFE)                   Turns: 9504, Time: 00:34:33

Health: -4/50      AC:  8    Str:  8    XL:     10   Next: 32%
Magic:  13/21      EV: 14    Int: 19    God:    Sif Muna [**....]
Gold:   401        SH:  0    Dex: 16    Spells: 16/23 levels left

rFire   + + .        c - staff of fire
rCold   + . .        (no shield)
rNeg    . . .        l - +0 ring mail {Will+}
rPois   .            q - +2 hat
rElec   .            (no cloak)
rCorr   .            (no gloves)
SInv    .            (boots unavailable)
Will    +....        O - amulet of magic regeneration
Stlth   +            h - ring of protection from fire
HPRegen 0.28/turn    D - ring of protection from cold
MPRegen 0.57/turn

%: acrobat
@: lethally poisoned (-4 -> -19), flying, slowed, very slow
A: beak, talons 3, evasive flight, acrobatic
a: Renounce Religion, Channel Magic


You were on level 8 of the Dungeon.
You worshipped Sif Muna.
Sif Muna was pleased with you.
You visited 2 branches of the dungeon, and saw 9 of its levels.
You also visited: Ossuary.

You collected 786 gold pieces.
You spent 385 gold pieces at shops.

Inventory:

Hand Weapons
 g - a +2 dagger of venom
 j - a +2 short sword of electrocution
 C - the +8 morningstar of Turmoil {heavy, rPois Will+++ rCorr Int-2}
   (You bought it in a shop on level 2 of the Dungeon)

   Int-2:     It affects your intelligence (-2).
   rPois:     It protects you from poison Will+++: It greatly increases your
   willpower.
   rCorr:     It protects you from acid and corrosion.
Missiles
 J - a curare-tipped dart
 N - a throwing net
Armour
 l - a +0 ring mail of willpower (worn)
 q - a +2 hat (worn)
Magical Staves
 c - a staff of fire (weapon)
Jewellery
 h - a ring of protection from fire (left hand)
 r - an amulet of regeneration
 u - a ring of protection from fire
 D - a ring of protection from cold (right hand)
 I - a +6 ring of strength
 O - an amulet of magic regeneration (around neck)
Wands
 B - a wand of flame (14)
Scrolls
 a - a scroll of enchant weapon
 o - 4 scrolls of blinking
 p - 7 scrolls of teleportation
 t - 2 scrolls of enchant armour
 A - a scroll of vulnerability
 E - 2 scrolls of noise {unknown}
 F - a scroll of revelation
 G - a scroll of identify
 H - 2 scrolls of poison
 L - a scroll of torment
Potions
 b - a potion of magic
 d - 5 potions of attraction
 e - 4 potions of brilliance
 f - 4 potions of berserk rage
 i - 5 potions of heal wounds
 k - 2 potions of mutation
 m - 2 potions of invisibility
 n - 3 potions of ambrosia
 s - a potion of enlightenment
 w - 2 potions of cancellation
 x - 2 potions of degeneration {unknown}
 z - 3 potions of lignification {unknown}
 K - a potion of might {unknown}
 M - a potion of haste {unknown}


   Skills:
 * Level 6.3 Armour
 - Level 2.1 Dodging
 - Level 2.0 Stealth
 + Level 7.1 Spellcasting
 + Level 8.1 Conjurations
 + Level 10.8 Fire Magic


You had 16 spell levels left.
You knew the following spells:

 Your Spells              Type           Power      Damage    Failure   Level
a - Foxfire               Conj/Fire      100%       2x1d9     1%          1
b - Scorch                Fire           100%       2d9       1%          2
c - Flame Wave            Conj/Fire      59%        2d14      5%          4

Your spell library contained the following spells:

 Spells                   Type           Power      Damage    Failure   Level
 Static Discharge         Conj/Air       44%        3-5/arc   8%          2
 Inner Flame              Hex/Fire       41%        N/A       9%          3
 Volatile Blastmotes      Fire/Tloc      82%        2d16      9%          3
 Hailstorm                Conj/Ice       22%        3d7       16%         3
 Ignite Poison            Fire/Alch      41%        N/A       28%         4
 Cigotuvi's Dreadful Rot  Necr/Alch/Air  12%        N/A       38%         2
 Summon Ice Beast         Ice/Summ       6%         N/A       63%         3
 Freezing Cloud           Conj/Ice/Air   8%         6-21      94%         5
 Airstrike                Air            3%         2d(1-17)  95%         4
 Animate Dead             Necr           6%         N/A       95%         4
 Manifold Assault         Tloc           6%         N/A       95%         4
 Summon Lightning Spire   Summ/Air       6%         N/A       95%         4
 Dispersal                Tloc           3%         N/A       100%        6
 Sculpt Simulacrum        Ice/Alch       3%         N/A       100%        6
 Haunt                    Necr/Summ      3%         N/A       100%        7
 Disjunction              Tloc           3%         N/A       100%        8
 Infestation              Necr           3%         N/A       100%        8
 Chain Lightning          Conj/Air       11%        3d14      100%        9
 Fire Storm               Conj/Fire      29%        8d8       100%        9
 Shatter                  Erth           3%         3d7*      100%        9


Dungeon Overview and Level Annotations

Branches:
Dungeon (8/15)             Temple (1/1) D:7         Ossuary (visited)
   Lair: D:8-11

Altars:
Ashenzari
Dithmenos
Elyvilon
Fedhas
Gozag
Hepliaklqana
Kikubaaqudgha
Makhleb
Nemelex Xobeh
Okawaru
Qazlal
Ru
Sif Muna
Trog
Uskayaw
Vehumet
Wu Jian
Yredelemnul
Zin
The Shining One

Shops:
D:2 (   D:7 *


Innate Abilities, Weirdness & Mutations

You have a beak for a mouth.
You have claws for feet.
Your magical flight helps you evade attacks. (EV +4)
You can magically evade attacks while moving or waiting.


Message History

You feel a surge of power!
Flames lash the hornet.
The hornet is lightly wounded.
The hornet's fire resistance burns away.
The foxfire hits the bullfrog!
The bullfrog is burned terribly!
The bullfrog is severely wounded.
The bullfrog closely misses you.
The bullfrog hits you but does no damage.
The hornet closely misses you.
Unknown command.
The bullfrog misses you.
Unknown command.
Casting: Scorch (safe; 1% risk of failure)
Confirm with . or Enter, or press ? or * to list all spells.
You feel a surge of power!
You conjure some foxfire!
The bullfrog is no longer more vulnerable to fire.
The bullfrog closely misses you.
The hornet stings you but does no damage.
The bullfrog hits you.
Casting: Foxfire (safe; 1% risk of failure)
Confirm with . or Enter, or press ? or * to list all spells.
You feel a surge of power!
Flames lash the hornet.
The hornet is burned terribly!
The hornet is heavily wounded.
The foxfire hits the bullfrog!
You kill the bullfrog!
Sif Muna accepts your kill. The hornet stings you!
You are poisoned.
You feel yourself slow down. The hornet stings you!
You are more poisoned.
You feel as though you will be slow longer.
Casting: Scorch (safe; 1% risk of failure)
Confirm with . or Enter, or press ? or * to list all spells.
You feel a surge of power!
You conjure some foxfire!
You feel extremely sick. The hornet stings you!
* * * LOW HITPOINT WARNING * * *
You feel as though you will be slow longer.
The hornet stings you!
You die...

#.....####.# ##...#...
#.....####.##### ##[...##
#.....#........#####.....#.
####.##.##.###.......♣.♣...
######.##.##.#..........†....
#.......#....#.#.....♣.....♣.
#.###..##......#.###...)<....
##...÷####...# ##.......#
#.###.y@##..# ##.....##
#.##.[##vv#.... ########
#.#÷.# ##[#...## #.... ..#.#
.#..#.. ##### #.#.# #...####
..#. ...# .# # #.### .#


You could see a hornet (combustible, ally target).

Vanquished Creatures
  A hornet (D:8)
  A shadow (D:5)
  A wyvern (D:8)
  4 water moccasins
  An ice beast (D:5)
  2 orc warriors
  2 sky beasts
  A black bear (D:7)
  An ogre (D:7)
  7 centaurs
  A kobold brigand (D:8)
  6 bullfrogs
  A gnoll sergeant (D:8)
  2 scorpions
  7 wights
  A killer bee (D:8)
  A bombardier beetle (D:5)
  4 electric eels
  6 howler monkeys
  3 hounds (D:5)
  3 jellies
  An orc priest (D:5)
  2 iguanas
  2 sleepcaps
  5 orc wizards
  8 mummies (Ossuary)
  3 gnolls (D:2)
  7 adders
  A white imp (D:6)
  A dart slug (D:3)
  2 ribbon worms (D:3)
  16 orcs
  5 bats
  6 endoplasms
  12 giant cockroaches
  7 goblins
  9 hobgoblins
  2 quokkas
  7 ball pythons
  12 frilled lizards
  A gnoll zombie (Ossuary)
  4 hobgoblin zombies (Ossuary)
  14 kobolds
  2 kobold zombies (Ossuary)
  An orc zombie (Ossuary)
  4 rats
190 creatures vanquished.

Vanquished Creatures (collateral kills)
  3 foxfires (D:1)
3 creatures vanquished.

Vanquished Creatures (others)
  469 foxfires
469 creatures vanquished.

Grand Total: 662 creatures vanquished

Notes
Turn   | Place    | Note
-------+----------+-------------------------------------------
     0 | D:1      | BeingJoeMalik the Tengu Fire Elementalist began the quest
                  | for the Orb.
     0 | D:1      | Reached XP level 1. HP: 10/10 MP: 4/4
    85 | D:1      | Reached XP level 2. HP: 15/15 MP: 1/6
   136 | D:1      | Learned a level 2 spell: Scorch
   896 | D:1      | Reached XP level 3. HP: 19/19 MP: 5/7
  1164 | D:2      | You fall into a shaft and drop 1 floor!
  1250 | D:3      | Reached skill level 4 in Fire Magic
  1729 | D:3      | Reached XP level 4. HP: 24/24 MP: 2/8
  1783 | D:3      | Learned a level 4 spell: Flame Wave
  1993 | D:3      | Reached skill level 5 in Fire Magic
  2312 | D:2      | Reached XP level 5. HP: 28/28 MP: 1/9
  2420 | D:2      | Found Gek Vute's Antique Weapon Shoppe.
  3234 | D:4      | Found a transporter.
  3268 | D:4      | Found a shimmering blue altar of Sif Muna.
  3271 | D:4      | Became a worshipper of Sif Muna the Loreminder
  3285 | D:4      | Reached skill level 6 in Fire Magic
  3285 | D:4      | Reached XP level 6. HP: 32/32 MP: 6/10
  3357 | D:4      | Found a transporter.
  3364 | D:4      | Found a blossoming altar of Fedhas.
  3606 | D:4      | Reached skill level 5 in Conjurations
  3715 | D:4      | Found a sacrificial altar of Ru.
  3778 | D:5      | Entered Level 5 of the Dungeon
  3870 | D:5      | Found a sand-covered staircase.
  3881 | Ossuary  | Entered an ossuary
  4039 | Ossuary  | Reached skill level 1 in Armour
  4095 | Ossuary  | Reached * piety under Sif Muna
  4096 | Ossuary  | Gained mutation: Your magical flight helps you evade
                  | attacks. (EV +4) [Tengu growth]
  4096 | Ossuary  | Reached XP level 7. HP: 36/36 MP: 7/11
  4178 | Ossuary  | Reached skill level 7 in Fire Magic
  4684 | D:5      | Found a bloodstained altar of Trog.
  4867 | D:5      | Reached XP level 8. HP: 41/41 MP: 9/12
  4935 | D:5      | Reached skill level 8 in Fire Magic
  5061 | D:5      | Found an ancient bone altar of Kikubaaqudgha.
  5164 | D:5      | Noticed a shadow
  5175 | D:5      | Killed a shadow
  5286 | D:5      | Identified the +5 sling of Mobolaang {heavy, Will+ rCorr
                  | Stlth+}
  5533 | D:5      | Found a basalt altar of Yredelemnul.
  5535 | D:5      | Noticed a profane servitor
  5544 | D:5      | Found a glowing golden altar of the Shining One.
  5547 | D:5      | Noticed an angel
  5982 | D:6      | Reached skill level 9 in Fire Magic
  5982 | D:6      | Reached XP level 9. HP: 31/45 MP: 13/16
  6306 | D:2      | Bought an encrusted morningstar for 180 gold pieces
  6306 | D:2      | Identified the +8 morningstar of Turmoil {heavy, rPois
                  | Will+++ rCorr Int-2} (You bought it in a shop on level 2 of
                  | the Dungeon)
  6307 | D:2      | Bought a jewelled halberd for 180 gold pieces
  6307 | D:2      | Identified the +3 halberd "Zaqeoxups" {drain, rPois} (You
                  | bought it in a shop on level 2 of the Dungeon)
  6628 | D:6      | Found a hide-covered altar of Uskayaw.
  6984 | D:6      | Found a white marble altar of Elyvilon.
  7062 | D:7      | Reached skill level 5 in Spellcasting
  7154 | D:7      | Reached skill level 5 in Armour
  7246 | D:7      | Found a staircase to the Ecumenical Temple.
  7254 | Temple   | Entered the Ecumenical Temple
  7274 | D:7      | Reached ** piety under Sif Muna
  7452 | D:7      | Found Araowyats's CLEARANCE SALE!.
  7504 | D:7      | Bought a potion of heal wounds for 25 gold pieces
  7650 | D:7      | Found an ornate altar of the Wu Jian Council.
  7968 | D:7      | Upgraded the game from 0.31.0-10-gcf4a605ca0 to
                  | 0.31.0-11-ge490571c62
  8164 | D:8      | Reached skill level 10 in Fire Magic
  8842 | D:8      | Reached XP level 10. HP: 50/50 MP: 16/20
  9504 | D:8      | Slain by a hornet

Illustrated notes

Levels and vault maps discovered:
D:1:      minmay_arrival_four_loops, layout_loops_ring, serial_forest,
          infiniplex_forest_clump_small, infiniplex_forest_lined_3_way,
          infiniplex_forest_clump_small, infiniplex_forest_pool,
          infiniplex_forest_zigzag_2, infiniplex_forest_straight_4,
          infiniplex_forest_lined_room_, infiniplex_forest_lined_ring,
          minmay_lizard_king
D:2:      layout_basic, serial_shops, shop
D:3:      minmay_roachtagon, layout_basic, minmay_misc_feat_iff, minivault_27
D:4:      gammafunk_steamed_eel, layout_rooms, lemuel_blue_sif_altar,
          nicolae_ru_the_path_less_chosen, mainiacjoe_overflow_boulevard
D:5:      layout_cave_pods, grunt_temple_overflow_holy_war,
          mainiacjoe_overflow_surrounded_room, bloody_trog,
          mainiacjoe_ossuary_entry_dusty_tomb
D:6:      layout_cave_pools, nicolae_elyvilon_temple_path, old_standard_altar,
          minmay_misc_feat_rows, hangedman_decor_opposing, minivault_11
D:7:      layout_basic, pdpol_wu_jian_five_deadly_venoms,
          minmay_temple_entry_tees, nicolae_shop_clearance
D:8:      layout_basic, serial_shops, nicolae_shop_back_alley_shop,
          grunt_ministairs_9, minmay_splitting_lines, minmay_alternating_orb
Temple:   eino_temple_lava

Skill      XL: |  1  2  3  4  5  6  7  8  9 10 |
---------------+-------------------------------+-----
Conjurations   | 2 3 4 5 6 7 8 |  8.1
Fire Magic     | 4 5 6 7 9 10 | 10.8
Armour         | 1 2 4 5 6 |  6.3
Spellcasting   | 4 6 7 |  7.1
Dodging        | |  2.1
Stealth        | |  2.0

Action                     |  1- 3 |  4- 6 |  7- 9 | 10-12 || total
---------------------------+-------+-------+-------+-------++-------
  Melee: Unarmed           |    11 |       |       |       ||    11
         Peck              |     6 |     3 |     2 |     1 ||    12
         Dagger            |    12 |    26 |       |       ||    38
         Kick              |       |     9 |    13 |     3 ||    25
         Staff             |       |     2 |    23 |     6 ||    31
   Cast: Foxfire           |    52 |    72 |   134 |    22 ||   280
         Scorch            |     5 |    13 |    55 |    29 ||   102
    Use: Scroll            |       |    16 |     5 |     1 ||    22
         Potion            |       |       |       |     3 ||     3
 Armour: Robe              |    12 |     8 |     3 |       ||    23
         Ring mail         |       |       |    59 |    39 ||    98
  Dodge: Dodged            |    16 |    13 |    68 |    37 ||   134
